 Dungeon Crawl Stone Soup version 0.20.0-9-g8272e65 (webtiles) character file.

205 Minion the Sneak (level 5, -5/41 HPs)
             Began as a Draconian Assassin on June 3, 2017.
             Was a Follower of Nemelex Xobeh.
             Killed from afar by an orc wizard (7 damage)
             ... with a puff of flame
             ... on level 3 of the Dungeon.
             The game lasted 00:07:02 (3091 turns).

Minion the Sneak (Draconian Assassin)               Turns: 3091, Time: 00:07:02

Health: -5/41      AC: 12    Str: 13    XL:     5   Next: 52%
Magic:  5/5        EV: 13    Int: 12    God:    Nemelex Xobeh [*.....]
Gold:   90         SH:  0    Dex: 13    Spells: 4/4 levels left

rFire    + . .     SeeInvis .   a - +3 dagger
rCold    . . .     Gourm    .   (no shield)
rNeg     . . .     Faith    .   (armour unavailable)
rPois    .         Spirit   .   (helmet restricted)
rElec    .         Reflect  .   c - +1 cloak
rCorr    .         Harm     +   i - +0 pair of gloves
MR       .....                  (no boots)
Stlth    +++.......             n - amulet of harm
Regen    0.2/turn               p - ring of protection from fire
MPRegen  0.1/turn               q - +4 ring of protection

@: no status effects
A: unfitting armour, cold-blooded, AC +5
a: Renounce Religion


You were on level 3 of the Dungeon.
You worshipped Nemelex Xobeh.
Nemelex Xobeh was aware of your devotion.
You were not hungry.

You visited 1 branch of the dungeon, and saw 4 of its levels.

You collected 90 gold pieces.

Inventory:

Hand Weapons
 a - a +3 dagger (weapon)
 b - a +0 blowgun
Missiles
 d - 8 poisoned needles
 e - 2 curare-tipped needles
Armour
 c - a +1 cloak (worn)
 i - a +0 pair of gloves (worn)
Jewellery
 n - an amulet of harm (around neck)
 p - a ring of protection from fire (left hand)
 q - a +4 ring of protection (right hand)
Scrolls
 h - a scroll of identify
 j - 3 scrolls of fear
 r - 3 scrolls of enchant armour
 w - 2 scrolls of enchant weapon
Potions
 g - a potion of brilliance
 l - 2 potions of agility
 s - a potion of lignification {unknown}
 v - a potion of cancellation {unknown}
 x - a potion of curing {unknown}
 z - a potion of berserk rage {unknown}
Miscellaneous
 u - a plain deck of escape {drawn: 1}
 y - an ornate deck of summoning
Comestibles
 f - 4 bread rations
 k - 11 fruits
 m - a meat ration
 o - 3 chunks of flesh
 t - a royal jelly


   Skills:
 - Level 2.1 Fighting
 + Level 3.6 Short Blades
 - Level 1.7 Throwing
 + Level 2.8 Dodging
 + Level 5.0 Stealth


You had 4 spell levels left.
You didn't know any spells.

Dungeon Overview and Level Annotations

Branches:
Dungeon (4/15)
 Temple: D:4-7

Altars:
Nemelex Xobeh


Innate Abilities, Weirdness & Mutations

Your plain brown scales are hard. (AC +5)
You cannot fit into any form of body armour.
You are cold-blooded and may be slowed by cold attacks.


Message History

The orc wizard points at you and mumbles some strange words.
The puff of frost hits you!
* * * LOW HITPOINT WARNING * * *
The orc hits you with a hand axe.
* * * LOW HITPOINT WARNING * * *
The orc hits you but does no damage.
You closely miss the orc wizard. You tail-slap the orc wizard.
The orc wizard is almost dead.
The orc wizard gestures wildly while chanting.
The orc wizard flickers and vanishes!
Deactivating autopickup; reactivate with Ctrl-A.
You closely miss something. The orc hits you with a hand axe!
* * * LOW HITPOINT WARNING * * *
The orc hits you but does no damage.
You draw a card...
It is the Cloud.
Clouds appear around you!
You hear some strange, mumbled words.
A puff of flame appears from out of thin air!
The puff of flame hits you! You resist.
You die...
Your body disappears without a glow.

..####...[.##..#.#######
....#########....# ....#
#....# ....#
#....########### ....#
#....##........# ....#
######.....#........# #...#
#....#.§§§§#........#
#...####....##§{oo#........#
.......'......§§@##.)......#
########......######'####'##
#######[...######.# #(#
#.....)....'......# #.#
#)....#....###########.#
#<...^#................#
##########.############# #.#
########## #.# #........#


You could see 2 orcs.

Vanquished Creatures
  A centaur zombie (D:3)
  A hound (D:2)
  An orc wizard (D:3)
  3 adders
  An ooze (D:2)
  6 worms
  2 dart slugs
  2 leopard geckos (D:3)
  7 orcs (D:3)
  4 giant cockroaches
  7 goblins
  3 hobgoblins
  10 jackals
  A quokka (D:2)
  2 bats
  3 frilled lizards
  4 kobolds
  20 rats
78 creatures vanquished.

Notes
Turn   | Place    | Note
-------+----------+-------------------------------------------
     0 | D:1      | Minion the Draconian Assassin began the quest for the Orb.
     0 | D:1      | Reached XP level 1. HP: 17/17 MP: 1/1
    11 | D:1      | Reached skill level 1 in Dodging
    83 | D:1      | Reached XP level 2. HP: 16/24 MP: 2/2
   473 | D:1      | Reached skill level 4 in Stealth
   887 | D:2      | Reached XP level 3. HP: 19/29 MP: 3/3
  1716 | D:2      | Found a sparkling altar of Nemelex Xobeh.
  1724 | D:2      | Became a worshipper of Nemelex Xobeh the Trickster
  1856 | D:2      | Received a gift from Nemelex Xobeh
  1984 | D:3      | Reached XP level 4. HP: 36/36 MP: 4/4
  2444 | D:3      | Reached XP level 5. HP: 36/41 MP: 5/5
  2614 | D:3      | Reached * piety under Nemelex Xobeh
  2968 | D:3      | Reached skill level 5 in Stealth
  2990 | D:4      | Received a gift from Nemelex Xobeh
  3090 | D:3      | HP: 2/41 [orc/hand axe (9)]
  3091 | D:3      | Killed from afar by an orc wizard

Skill      XL: |  1  2  3  4  5 |
---------------+----------------+-----
Dodging        | 1 2 |  2.8
Stealth        | 4 5 |  5.0
Short Blades   | 3 |  3.6
Fighting       | |  2.1
Throwing       | |  1.7

Action                   |  1- 3 |  4- 6 || total
-------------------------+-------+-------++-------
Melee: Dagger            |   139 |   101 ||   240
       Tailslap          |    16 |    21 ||    37
       Rapier            |     1 |    66 ||    67
Evoke: Deck              |       |     1 ||     1
  Use: Scroll            |     5 |     3 ||     8
 Stab: Sleeping          |     6 |     4 ||    10
  Eat: Chunk             |     3 |     4 ||     7
Armor: Skin              |    36 |    69 ||   105
Dodge: Dodged            |    62 |    93 ||   155
